Map: Oxide LE

Players

DreamyBudder - Winner!

  • Race: Protoss Protoss
  • League: Platinum
  • Spawn Location: 7:00

Striggy

  • Race: Terran Terran
  • League: Platinum
  • Spawn Location: 1:00

VOD

Have the link to the VOD?

Description

Do what ever you want!

Time

  • Played on: March 4, 2021, 1:46 p.m.
  • Length: 13:26
Show
View Real Time Build Order
Export as new Build Order

DreamyBudder Protoss - Winner!

Build Orders:  

Get SALT Encoding   

  12  0:04  Probe  
  13  0:15  Pylon  
  13  0:17  Probe  
  14  0:29  Probe (Chrono Boost)  
  15  0:38  Probe (Chrono Boost)  
  15  0:40  Gateway  
  16  0:43  Probe (Chrono Boost)  
  17  0:58  Pylon, Probe  
  17  1:04  Assimilator  
  18  1:10  Probe  
  19  1:23  Probe  
  20  1:28  Cybernetics Core  
  20  1:35  Probe  
  21  1:42  Assimilator  
  21  1:47  Probe  
  21  1:49  Pylon  
  22  1:57  Gateway  
  22  2:06  Probe  
  22  2:07  Warp Gate  
  23  2:08  Stalker (Chrono Boost)  
  25  2:16  Shield Battery  
  25  2:18  Probe  
  26  2:30  Probe  
  26  2:37  Stalker (Chrono Boost)  
  29  2:46  Stalker (Chrono Boost)  
  31  2:56  Nexus  
  31  3:25  Stalker  
  31  3:26  Stalker  
  35  3:30  Robotics Facility  
  35  3:33  Probe  
  36  3:34  Twilight Council  
  38  3:57  Sentry  
  38  4:11  Blink (Chrono Boost)  
  38  4:18  Pylon  
  38  4:26  Forge  
  38  4:36  Observer (Chrono Boost)  
  39  4:40  Stalker  
  41  4:46  Stalker  
  43  5:06  Photon Cannon  
  43  5:26  Stalker  
  43  5:27  Stalker  
  42  5:54  Stalker x2  
  30  6:26  Probe (Chrono Boost)  
  30  6:29  Pylon  
  30  6:30  Shield Battery  
  31  6:38  Probe (Chrono Boost)  
  33  6:47  Probe (Chrono Boost)  
  33  6:53  Probe  
  34  7:05  Probe  
  23  7:24  Stalker x2  
  23  7:28  Probe (Chrono Boost)  
  29  7:31  Probe (Chrono Boost)  
  30  7:38  Probe (Chrono Boost)  
  30  7:42  Pylon  
  31  7:45  Immortal (Chrono Boost), Probe (Chrono Boost)  
  31  7:46  Probe (Chrono Boost)  
  36  7:51  Probe (Chrono Boost)  
  36  7:52  Stalker x2  
  41  8:01  Probe  
  42  8:07  Gateway  
  42  8:25  Stalker x2  
  46  8:54  Zealot x2  
  50  8:56  Warp Prism (Chrono Boost)  
  52  9:07  Gateway  
  52  9:12  Probe x2  
  52  9:15  Photon Cannon  
  54  9:20  Stalker  
  56  9:24  Probe  
  49  10:28  Stalker x2  
  49  10:29  Stalker x2  
  57  10:53  Immortal  
  61  10:57  Probe  
  61  10:58  Probe  
  63  11:06  Photon Cannon  
  63  11:09  Charge, Probe  
  63  11:10  Probe, Photon Cannon  
  65  11:16  Pylon, Gateway, Protoss Ground Weapons Level 1  
  65  11:22  Probe  
  58  11:40  Stalker x2  
  58  11:41  Stalker  
  58  11:42  Stalker  
  56  12:04  Stalker x2  
  56  12:05  Stalker  
  56  12:06  Stalker  
  60  12:51  Probe  
  55  12:53  Assimilator  
  55  12:54  Assimilator  
  55  13:00  Stalker x2  
  55  13:01  Zealot x2  
  55  13:02  Zealot  
  55  13:03  Probe  
Show
View Real Time Build Order
Export as new Build Order

Striggy Terran 

Build Orders: Delayed Second Base 

Get SALT Encoding   

  12  0:02  SCV  
  13  0:14  SCV  
  14  0:18  Supply Depot  
  14  0:26  SCV  
  15  0:30  Refinery  
  15  0:40  SCV  
  16  0:49  Barracks  
  16  0:52  SCV  
  17  1:04  SCV  
  18  1:12  Refinery  
  18  1:19  SCV  
  19  1:36  Orbital Command  
  19  1:42  Barracks Tech Lab  
  19  1:43  Factory  
  19  1:56  Ghost Academy  
  19  2:01  SCV  
  19  2:06  Supply Depot  
  20  2:14  SCV  
  21  2:26  SCV  
  21  2:29  Reaper  
  23  2:37  Nuke  
  23  2:38  SCV  
  23  2:41  Supply Depot, Siege Tank  
  27  2:50  SCV  
  28  2:55  Supply Depot  
  28  3:25  Starport  
  28  3:28  Personal Cloaking  
  28  3:29  Command Center  
  28  3:35  SCV  
  29  3:47  Supply Depot  
  29  3:51  Ghost  
  31  3:59  Widow Mine  
  33  4:07  SCV  
  34  4:13  Medivac  
  34  4:14  Engineering Bay  
  36  4:20  SCV  
  36  4:23  Hellion  
  39  4:32  SCV  
  39  4:34  Ghost  
  42  4:44  SCV  
  43  5:04  SCV  
  44  5:13  Liberator  
  47  5:16  SCV  
  48  5:29  SCV  
  49  5:41  SCV  
  37  6:22  Liberator  
  35  6:26  SCV  
  35  6:29  Nuke  
  36  6:34  Marauder  
  36  6:38  SCV  
  36  6:39  Widow Mine  
  36  6:52  Planetary Fortress  
  34  6:59  Supply Depot  
  27  7:20  Marine  
  28  7:37  Marine  
  28  7:42  Factory Tech Lab  
  28  7:43  Starport Reactor  
  29  7:47  Command Center  
  29  7:48  SCV  
  29  7:49  Supply Depot x2  
  30  7:57  SCV  
  31  8:00  SCV  
  31  8:09  Siege Tank, SCV  
  34  8:23  SCV x2  
  34  8:25  Command Center  
  38  8:35  SCV  
  34  8:53  Siege Tank  
  40  9:15  Engineering Bay  
  40  9:18  Barracks  
  40  9:20  Medivac  
  40  9:21  Barracks  
  36  9:33  SCV x2  
  36  9:35  Barracks  
  38  9:45  SCV x2  
  40  9:57  SCV x2  
  35  10:09  SCV x2  
  35  10:21  Marine x2, SCV x2  
  32  10:24  Marauder  
  32  10:25  Siege Tank  
  41  10:30  Liberator  
  41  10:33  SCV  
  42  11:07  Ghost  
  31  12:00  Viking  
  33  12:31  Missile Turret  
  32  13:07  SCV x2  
  34  13:13  Refinery  
Tags
 
Add a new tag
Caveats
  • Supply blocks, unpowered buildings, or Contaminate may cause inaccurate times.
  • Supply counts are checked every 10 seconds.